 Dungeon Crawl Stone Soup version 0.16-a0-3453-g1f4d23a (webtiles) character file.

119 Minkie the Sneak (level 4, -2/33 HPs)
             Began as a Vampire Enchanter on Jan 1, 2015.
             Slain by an orc warrior
             ... wielding a +0 mace
              (12 damage)
             ... on level 3 of the Dungeon.
             The game lasted 00:10:08 (3386 turns).

Minkie the Sneak (Vampire Enchanter)                Turns: 3386, Time: 00:10:08

Health: -2/33      AC:  3    Str:  7    XL:     4   Next: 74%
Magic:  0/7        EV: 12    Int: 18    God:
Gold:   122        SH:  0    Dex: 14    Spells: 3 memorised, 1 level left

rFire  . . .     SeeInvis +     a - +1 dagger
rCold  + + .     Clarity  .     b - +1 robe
rNeg   + + +     SustAb   +     (no shield)
rPois  ∞         Gourm    .     (no helmet)
rElec  .         Spirit   .     (no cloak)
rCorr  .         Warding  .     (no gloves)
rMut   .         Stasis   .     (no boots)
MR     .....                    (no amulet)
Stlth  ++++......               (no ring)
                                n - ring of sustain abilities

@: very slightly contaminated, bloodless, non-regenerating, not resistant to
hostile enchantments, stealthy
A: bottle blood, fangs 3, see invisible, unbreathing
a: Bat Form


You were on level 3 of the Dungeon.
You were bloodless.

You visited 1 branch of the dungeon, and saw 3 of its levels.

You collected 122 gold pieces.

Inventory:

Hand weapons
 a - a +1 dagger (weapon)
Missiles
 j - 7 curare-tipped needles
 k - 31 poisoned needles
Armour
 b - a +1 robe (worn)
Jewellery
 n - a ring of sustain abilities (left hand)
 o - a cursed amulet of inaccuracy {unknown}
Scrolls
 f - 2 scrolls of enchant armour {unknown}
 g - a scroll of magic mapping {unknown}
 h - 2 scrolls of random uselessness {unknown}
 m - 2 scrolls of remove curse {unknown}
 q - a scroll of teleportation {unknown}
 s - a scroll of identify {unknown}
 t - a scroll of recharging {unknown}
 u - a scroll of noise {unknown}
Potions
 d - 5 potions of blood
 e - 2 potions of curing {unknown}
 i - 4 potions of heal wounds {unknown}
 l - a potion of mutation {unknown}
 p - a potion of cure mutation {unknown}
 r - a potion of degeneration {unknown}
Books
 c - a book of Maledictions

   Spells                             Type                      Level
   a - Corona                         Hexes                        1
   b - Sure Blade                     Hexes/Charms                 2
   c - Ensorcelled Hibernation        Hexes/Ice                    2
   d - Confuse                        Hexes                        3
   e - Dazzling Spray                 Conjuration/Hexes            3
   f - Enslavement                    Hexes                        4


   Skills:
 + Level 1.7 Fighting
 + Level 1.9 Short Blades
 - Level 2.1 Dodging
 + Level 5.5 Stealth
 - Level 2.0 Spellcasting
 + Level 5.4 Hexes
 + Level 1.8 Ice Magic


You had one spell level left.
You knew the following spells:

 Your Spells              Type           Power        Failure   Level  Hunger
a - Corona                Hex            ###....      1%          1    #......
b - Ensorcelled Hibernat  Hex/Ice        ##....       8%          2    ###....
c - Confuse               Hex            ###.....     10%         3    ###....


Dungeon Overview and Level Annotations

Branches:
Dungeon (3/15)

Altars:
Fedhas
Gozag
Okawaru
Vehumet
Zin
The Shining One


Innate Abilities, Weirdness & Mutations

You do not heal naturally.
You can bottle blood from corpses.
You have razor-sharp teeth.
You have supernaturally acute eyesight.
You can survive without breathing.


Message History

Aim: an orc warrior, wielding a mace and wearing a plate armour (severely wounded, chance 51%)
Okay, then.
You closely miss the orc warrior.
The orc warrior is severely wounded.
The orc warrior hits you with a mace.
Casting: Confuse
Confirm with . or Enter, or press ? or * to list all spells.
Aiming: Confuse
Press: ? - help, Shift-Dir - straight line, f/p - orc warrior
Aim: an orc warrior, wielding a mace and wearing a plate armour (severely wounded, chance 51%)
The orc warrior resists with significant effort.
Casting: Confuse
Confirm with . or Enter, or press ? or * to list all spells.
Aiming: Confuse
Press: ? - help, Shift-Dir - straight line, f/p - orc warrior
Aim: an orc warrior, wielding a mace and wearing a plate armour (severely wounded, chance 51%)
You miscast Confuse.
You are very lightly contaminated with residual magic.
You feel off-balance for a moment. The orc warrior hits you with a mace!
You die...

#...#.### #.# ..
#...#.#.# ##.# o#
#.......###### # ..# o#
#............# #.#.# .#
#..#...#>..#.# #.#.##o#
##..#...#..##.#
#...o.o#
....#####...#.#
###.#### ##..#
#.....#######.#
##..#####.......@ooo..#
......).).#############
######.#### # #.#
######.# .......#
########


You could see an orc warrior and 2 orcs.

Vanquished Creatures
  An orc wizard (D:3)
  2 adders
  3 worms
  3 orcs (D:3)
  2 ball pythons (D:1)
  2 giant cockroaches
  6 goblins
  5 hobgoblins
  13 jackals
  2 kobolds (D:1)
  8 bats
  5 giant newts
  7 rats
59 creatures vanquished.

Notes
Turn   | Place    | Note
--------------------------------------------------------------
     0 | D:1      | Minkie, the Vampire Enchanter, began the quest for the Orb.
     0 | D:1      | Reached XP level 1. HP: 13/13 MP: 3/3
   431 | D:1      | Reached XP level 2. HP: 17/20 MP: 4/4
   435 | D:1      | Learned a level 2 spell: Ensorcelled Hibernation
   567 | D:1      | Reached skill level 1 in Fighting
  1699 | D:1      | Reached skill level 1 in Ice Magic
  1706 | D:1      | Reached XP level 3. HP: 23/26 MP: 3/6
  1816 | D:2      | Found a glowing silver altar of Zin.
  2031 | D:2      | Reached skill level 5 in Hexes
  2214 | D:2      | Learned a level 3 spell: Confuse
  2292 | D:2      | Found an iron altar of Okawaru.
  2297 | D:2      | Found an opulent altar of Gozag.
  2299 | D:2      | Found a blossoming altar of Fedhas.
  2353 | D:2      | Found a glowing golden altar of the Shining One.
  2354 | D:2      | Found a radiant altar of Vehumet.
  2654 | D:2      | Reached XP level 4. HP: 27/32 MP: 0/7
  2926 | D:2      | Reached skill level 5 in Stealth
  3370 | D:3      | Noticed an orc warrior
  3386 | D:3      | Slain by an orc warrior

Action                   |  1- 3 |  4- 6 || total
-------------------------+-------+-------++-------
Melee: Dagger            |   145 |    39 ||   184
 Cast: Ensorcelled Hiber |    15 |     6 ||    21
       Confuse           |     1 |     1 ||     2
 Stab: Sleeping          |    17 |     6 ||    23
       Distracted        |     1 |       ||     1
